Map: Romanticide LE

Players

DRG

  • Race: Zerg Zerg
  • Spawn Location: 11:00

soul - Winner!

  • Race: Terran Terran
  • Spawn Location: 5:00

Event: StayAtHome Story Cup #3

VOD

Have the link to the VOD?

Description

Time

  • Played on: March 12, 2021, 9:20 a.m.
  • Length: 19:51

All games in this series

Show
View Real Time Build Order
Export as new Build Order

DRG Zerg 

Build Orders: Hatch First, Muta Ling Bane 

Get SALT Encoding   

  12  0:00  Drone  
  13  0:12  Overlord  
  13  0:17  Drone  
  14  0:30  Drone x2  
  16  0:48  Hatchery  
  15  0:51  Drone  
  15  0:55  Drone  
  17  0:57  Drone  
  18  1:09  Extractor  
  17  1:13  Spawning Pool  
  17  1:16  Drone  
  17  1:18  Drone  
  18  1:27  Drone  
  19  1:38  Drone  
  20  1:49  Drone  
  21  1:59  Queen x2  
  21  2:00  Zergling x4  
  27  2:10  Overlord  
  27  2:11  Drone  
  28  2:20  Hatchery  
  27  2:23  Drone  
  27  2:29  Drone  
  29  2:33  Drone x2  
  31  2:38  Queen  
  31  2:43  Metabolic Boost  
  33  2:48  Overlord  
  33  2:50  Drone  
  34  2:54  Drone  
  34  2:55  Drone  
  36  3:08  Drone x2  
  36  3:09  Drone x3  
  41  3:14  Queen  
  41  3:17  Drone  
  44  3:21  Roach Warren  
  44  3:22  Extractor  
  44  3:25  Drone  
  44  3:26  Drone  
  44  3:31  Overlord  
  44  3:34  Queen  
  44  3:39  Overlord  
  46  3:48  Overlord  
  46  4:00  Drone  
  46  4:02  Roach x4  
  57  4:03  Roach x2  
  57  4:05  Roach  
  61  4:10  Drone  
  61  4:15  Overlord  
  62  4:19  Drone  
  62  4:20  Zergling x10  
  62  4:23  Zergling x2  
  69  4:27  Zergling x4  
  69  4:30  Overlord  
  71  4:33  Zergling x2  
  71  4:36  Zergling x6  
  75  4:40  Zergling x4  
  75  4:43  Spore Crawler  
  76  4:48  Spore Crawler  
  75  4:56  Zergling x12  
  75  4:59  Spore Crawler  
  80  5:00  Ravager x2  
  80  5:07  Zergling x6  
  71  5:22  Zergling x16  
  74  5:30  Drone  
  73  5:37  Drone x4  
  73  5:39  Drone  
  76  5:44  Drone x3  
  76  5:46  Lair  
  70  5:50  Drone  
  70  5:51  Drone  
  70  5:52  Drone  
  70  5:55  Drone x2  
  75  5:58  Drone  
  75  5:59  Drone  
  75  6:01  Drone  
  78  6:07  Drone x2, Spore Crawler  
  78  6:10  Drone x2  
  81  6:12  Drone x2  
  81  6:14  Drone  
  81  6:17  Extractor, Drone  
  84  6:19  Drone x2  
  84  6:22  Drone x2  
  84  6:24  Drone  
  89  6:26  Drone  
  89  6:28  Overlord  
  89  6:31  Extractor x3  
  87  6:34  Drone x3  
  87  6:35  Overlord  
  87  6:38  Baneling Nest  
  89  6:40  Drone  
  89  6:44  Overseer  
  90  6:47  Overlord  
  90  6:50  Drone x5  
  90  6:51  Drone  
  96  6:54  Drone  
  96  6:55  Drone  
  96  7:00  Drone  
  96  7:01  Queen x2  
  96  7:03  Drone  
  96  7:07  Drone  
  96  7:08  Drone x3  
  104  7:17  Overlord  
  104  7:25  Queen  
  104  7:29  Hatchery  
  103  7:34  Overlord  
  103  7:35  Overlord  
  103  7:36  Overlord  
  102  7:43  Centrifical Hooks  
  102  8:01  Spire  
  102  8:02  Drone x2, Evolution Chamber  
  102  8:03  Zergling x30  
  117  8:07  Queen x2  
  117  8:09  Evolution Chamber  
  120  8:16  Zergling x16  
  128  8:22  Baneling x5  
  128  8:27  Overlord  
  128  8:30  Zerg Melee Weapons Level 1  
  128  8:33  Zergling x2  
  128  8:34  Overlord  
  129  8:35  Zerg Ground Armor Level 1, Overlord  
  129  8:38  Overlord  
  129  8:48  Overlord  
  129  8:56  Drone x3  
  129  8:57  Drone x2  
  134  9:07  Drone x2  
  136  9:13  Mutalisk x6  
  136  9:14  Mutalisk x5  
  157  9:18  Spore Crawler  
  157  9:21  Mutalisk x8  
  157  9:23  Zergling x4  
  169  9:31  Baneling x7  
  169  9:38  Mutalisk x2  
  169  9:42  Zergling x2  
  169  9:43  Zergling x10  
  175  9:49  Drone  
  175  9:50  Spire  
  173  9:56  Extractor x2  
  173  9:58  Overlord  
  171  10:01  Overlord  
  171  10:10  Pneumatized Carapace, Overseer, Overlord x2  
  171  10:13  Drone x3  
  174  10:14  Drone x2  
  174  10:17  Hatchery  
  174  10:34  Zerg Ground Armor Level 2, Zerg Melee Weapons Level 2  
  174  10:36  Zergling x28  
  187  10:45  Baneling x9  
  187  10:49  Zergling x4  
  196  10:50  Zergling x16  
  196  10:54  Baneling x11  
  197  11:03  Zergling x14  
  191  11:14  Zerg Flyer Weapons Level 1  
  191  11:15  Drone x5  
  191  11:17  Infestation Pit  
  194  11:20  Zergling x10  
  194  11:23  Overseer  
  197  11:29  Drone x3  
  200  11:33  Baneling x9  
  200  11:34  Baneling x7  
  200  11:36  Overseer  
  200  11:37  Overlord  
  198  11:54  Baneling x11  
  198  11:58  Zergling x4  
  195  12:08  Zergling x28  
  183  12:09  Zergling x2  
  183  12:10  Zergling x10  
  183  12:15  Drone x5  
  168  12:16  Drone  
  171  12:24  Zergling x6  
  171  12:28  Drone x3  
  177  12:31  Zergling x10  
  182  12:38  Zergling x4  
  182  12:39  Hive  
  182  12:42  Zergling x4  
  186  12:50  Zergling x18  
  182  13:04  Zergling x24  
  174  13:05  Overseer  
  174  13:12  Mutalisk x2  
  176  13:15  Zergling x8  
  181  13:27  Mutalisk x9  
  181  13:29  Baneling x15  
  181  13:30  Baneling x3  
  199  13:38  Zergling x2  
  200  13:50  Baneling x17  
  186  13:58  Zergling x26  
  186  13:59  Zergling x2  
  195  14:04  Zergling x14  
  195  14:07  Adrenal Glands  
  195  14:10  Zerg Melee Weapons Level 3, Zerg Ground Armor Level 3  
  188  14:17  Zergling x18  
  191  14:28  Drone  
  191  14:30  Zergling x18  
  199  14:37  Ultralisk Cavern  
  199  14:38  Baneling x8  
  195  14:51  Zergling x26  
  192  14:54  Zerg Flyer Weapons Level 2  
  192  14:55  Mutalisk x3  
  192  14:57  Baneling  
  192  15:00  Zergling x10  
  167  15:14  Mutalisk x2  
  166  15:24  Overlord x2  
  166  15:25  Zergling x14  
  173  15:29  Chitinous Plating  
  173  15:33  Drone x2, Spore Crawler  
  174  15:35  Zergling x2  
  174  15:36  Zergling x12  
  174  15:37  Baneling x3  
  174  15:41  Zergling x4  
  174  15:42  Baneling x5  
  183  15:51  Hatchery, Zergling x14  
  183  15:53  Baneling x5  
  187  16:00  Zergling x2  
  187  16:01  Zergling x12  
  187  16:09  Zergling x12  
  187  16:10  Zergling x2  
  174  16:14  Zergling x2  
  163  16:19  Baneling x11  
  163  16:20  Ultralisk  
  163  16:22  Zergling x6  
  172  16:28  Ultralisk  
  178  16:33  Zergling x10  
  178  16:34  Baneling x2  
  178  16:39  Overseer  
  183  16:45  Mutalisk x3  
  179  16:48  Zergling x14, Anabolic Synthesis  
  179  16:52  Mutalisk x2  
  187  17:04  Baneling x8  
  187  17:11  Zergling x14  
  187  17:12  Zergling x2  
  187  17:13  Overseer  
  192  17:18  Extractor  
  186  17:27  Zergling x18  
  168  17:42  Ultralisk  
  166  17:47  Mutalisk x2  
  170  17:59  Zergling x14  
  170  18:04  Baneling x6  
  177  18:05  Baneling  
  177  18:06  Baneling x2  
  177  18:15  Mutalisk x3  
  183  18:25  Drone x3  
  183  18:26  Drone x3  
  189  18:29  Extractor  
  189  18:32  Zergling x8  
  192  18:34  Baneling x4  
  192  18:35  Baneling x2  
  192  18:36  Overseer  
  192  18:37  Hatchery, Overseer  
  191  18:43  Baneling  
  191  18:44  Zergling x12  
  191  18:46  Baneling x5  
  197  18:51  Zergling x6  
  200  19:02  Baneling x6  
  163  19:10  Zergling x18  
  163  19:12  Zergling x22  
  164  19:18  Baneling x5  
  164  19:22  Zergling x2  
  164  19:23  Zergling x6  
  150  19:29  Zergling x6  
  139  19:34  Zergling x6  
Show
View Real Time Build Order
Export as new Build Order

soul Terran - Winner!

Build Orders: Reaper Expand, Hellion Banshee 

Get SALT Encoding   

  12  0:00  SCV  
  13  0:12  SCV  
  14  0:17  Supply Depot  
  14  0:25  SCV  
  15  0:39  SCV  
  15  0:40  Barracks  
  16  0:43  Refinery  
  16  0:51  SCV  
  17  1:03  SCV  
  18  1:15  SCV  
  19  1:27  Reaper, Orbital Command  
  20  1:39  Command Center  
  20  1:49  Supply Depot  
  20  1:53  SCV  
  21  1:59  Marine  
  22  2:05  SCV  
  22  2:07  Factory  
  23  2:12  Refinery  
  23  2:19  SCV  
  23  2:21  Barracks Reactor  
  24  2:31  SCV  
  25  2:43  SCV  
  26  2:52  Orbital Command  
  26  2:53  Starport  
  26  2:55  SCV  
  27  3:03  Hellion x2  
  31  3:07  SCV  
  31  3:09  Barracks Tech Lab  
  32  3:18  SCV  
  32  3:19  SCV  
  34  3:25  Hellion x2  
  38  3:30  SCV  
  38  3:32  SCV  
  38  3:33  Supply Depot  
  40  3:36  Barracks Tech Lab, Cloaking Field  
  40  3:38  Banshee  
  43  3:42  SCV  
  43  3:44  SCV  
  45  3:54  SCV  
  45  3:55  Hellion x2, Marine, Stimpack  
  50  3:57  SCV  
  52  4:03  Supply Depot  
  52  4:07  SCV  
  54  4:10  SCV, Supply Depot  
  54  4:24  Banshee  
  54  4:25  SCV x2  
  54  4:26  Hellion  
  54  4:28  Supply Depot  
  61  4:31  Hellion  
  61  4:37  SCV  
  64  4:42  SCV  
  64  4:43  Command Center  
  65  4:48  Orbital Command  
  65  4:49  SCV  
  66  4:55  Supply Depot  
  66  4:57  SCV  
  66  4:59  Barracks, Factory Reactor  
  67  5:00  Barracks  
  67  5:04  Bunker  
  67  5:07  Banshee  
  69  5:18  SCV  
  69  5:20  SCV  
  69  5:21  Marine  
  53  5:29  Orbital Command  
  53  5:30  SCV  
  53  5:31  Command Center  
  52  5:38  Hellion x2  
  52  5:39  Marine  
  52  5:42  SCV  
  55  5:48  Marine  
  54  5:52  Engineering Bay  
  54  5:53  Engineering Bay  
  54  6:01  Starport Reactor  
  54  6:03  Combat Shield  
  54  6:09  Supply Depot  
  54  6:11  SCV x2, Marine x2  
  58  6:13  Supply Depot  
  58  6:15  Marine  
  58  6:16  Marine x2  
  61  6:20  Terran Infantry Weapons Level 1  
  61  6:22  Terran Infantry Armor Level 1  
  61  6:23  SCV  
  62  6:31  SCV, Marine, Siege Tank  
  62  6:32  Supply Depot  
  67  6:35  SCV, Supply Depot  
  67  6:38  Supply Depot  
  68  6:43  SCV, Orbital Command  
  68  6:45  Medivac  
  71  6:47  Medivac  
  71  6:51  Refinery, SCV  
  71  6:52  Refinery  
  74  6:55  SCV  
  74  6:56  Marine  
  74  6:58  Marine  
  77  7:01  Marine  
  77  7:03  SCV, Orbital Command  
  77  7:05  Marine  
  80  7:15  SCV, Medivac  
  83  7:18  Barracks, Medivac  
  83  7:19  Marine x4  
  83  7:20  Barracks  
  89  7:23  Marine  
  89  7:24  SCV  
  89  7:27  SCV  
  92  7:32  SCV  
  92  7:37  Armory, Marine x4  
  93  7:38  SCV  
  93  7:39  SCV  
  93  7:41  Marine  
  100  7:44  SCV  
  100  7:50  SCV, Bunker, Medivac  
  104  7:52  SCV, Supply Depot  
  104  7:54  Marine  
  104  7:55  Marine x2  
  104  7:57  SCV  
  109  8:00  Marine  
  109  8:02  SCV  
  109  8:03  Supply Depot  
  109  8:04  SCV  
  112  8:10  Barracks Reactor  
  112  8:11  Barracks Reactor  
  112  8:12  Marine  
  113  8:13  Marine  
  113  8:20  Supply Depot  
  113  8:23  Command Center  
  113  8:26  Supply Depot  
  113  8:29  Terran Infantry Armor Level 2, Terran Infantry Weapons Level 2  
  113  8:30  Marine  
  113  8:31  Marine x2  
  113  8:33  SCV x2  
  118  8:35  Supply Depot  
  118  8:40  Refinery x2, SCV  
  119  8:45  SCV x2  
  119  8:47  Factory, Supply Depot  
  121  8:54  Siege Tank  
  124  8:59  Missile Turret  
  124  9:00  SCV  
  125  9:03  Supply Depot  
  125  9:04  Marine  
  125  9:05  Marauder, Marine x3  
  131  9:10  Drilling Claws  
  131  9:11  Supply Depot  
  131  9:13  Medivac  
  131  9:17  Marine  
  133  9:18  Marine x3  
  133  9:22  Marine x2  
  135  9:28  Widow Mine  
  137  9:31  Factory Reactor  
  134  9:40  Marine  
  134  9:43  Marine x7  
  140  9:45  SCV  
  140  9:48  SCV, Marine  
  140  9:51  Medivac  
  140  9:52  Medivac  
  143  9:54  SCV  
  143  9:57  SCV, Marine  
  143  9:59  Missile Turret  
  143  10:00  SCV  
  143  10:04  Planetary Fortress, Missile Turret  
  143  10:05  Missile Turret  
  143  10:06  SCV  
  145  10:08  Thor  
  145  10:09  Widow Mine x2, Marine x3  
  145  10:10  Marauder  
  154  10:14  SCV  
  154  10:15  Sensor Tower  
  155  10:25  SCV  
  156  10:31  Terran Vehicle And Ship Armor Level 1  
  156  10:32  Supply Depot  
  156  10:34  Supply Depot  
  156  10:36  Barracks x2  
  156  10:37  Barracks  
  156  10:45  Widow Mine x2, Marine  
  156  10:47  SCV x2  
  156  10:49  Terran Infantry Weapons Level 3  
  163  10:50  Marine  
  163  10:51  Marauder, Marine x5  
  163  10:52  SCV  
  163  10:53  Thor  
  178  10:58  Supply Depot  
  178  10:59  SCV  
  178  11:01  Marine  
  178  11:02  SCV  
  179  11:04  Marine  
  179  11:08  Marine  
  179  11:09  SCV  
  180  11:12  Widow Mine, Marauder  
  180  11:14  Marine x4  
  180  11:16  Marine  
  184  11:19  Marine  
  184  11:22  Marine  
  181  11:26  Widow Mine, Marine  
  181  11:27  Barracks Tech Lab x3  
  181  11:32  Marine  
  185  11:34  Marauder, Command Center  
  185  11:36  Terran Infantry Armor Level 3  
  185  11:39  Widow Mine  
  189  11:41  Missile Turret  
  189  11:43  Marine  
  189  11:44  Missile Turret  
  189  11:45  Widow Mine  
  189  11:47  Marauder, Marine  
  194  11:53  Marauder, Marine x6  
  196  11:54  Marine  
  196  11:55  Marauder  
  195  12:04  Marine  
  195  12:06  Marine  
  195  12:08  Marine  
  176  12:11  Marine x2  
  176  12:12  Marine  
  176  12:13  Marauder, Marine  
  176  12:15  Widow Mine, Marine  
  173  12:17  Marauder  
  175  12:25  Bunker  
  175  12:27  Supply Depot  
  175  12:28  Supply Depot x2  
  175  12:29  Supply Depot  
  175  12:33  Terran Vehicle And Ship Armor Level 2  
  175  12:34  Missile Turret  
  175  12:35  Missile Turret  
  173  12:45  Medivac x2  
  173  12:46  Widow Mine, Marauder x2  
  173  12:50  Command Center, Missile Turret  
  183  12:52  Missile Turret  
  178  13:01  Marine  
  172  13:07  Widow Mine x2  
  176  13:13  Missile Turret  
  176  13:14  Widow Mine, Marauder x2  
  176  13:15  Medivac x2, Missile Turret  
  186  13:23  Marauder x2  
  180  13:33  Widow Mine, Marine x5  
  187  13:35  Marauder x2  
  187  13:38  Sensor Tower, Missile Turret x2  
  187  13:39  Missile Turret  
  191  13:42  Neosteel Armor  
  191  13:44  Marauder x2  
  191  13:45  Medivac  
  197  13:50  Marine x3  
  197  13:52  Marine  
  197  13:54  Marine  
  188  13:56  Widow Mine, Marauder  
  188  13:58  Planetary Fortress  
  177  14:06  SCV  
  177  14:07  Marine  
  173  14:11  Widow Mine, SCV  
  173  14:14  Widow Mine, Hi-Sec Auto Tracking  
  174  14:17  SCV  
  174  14:18  SCV  
  174  14:23  SCV  
  171  14:26  Medivac x2  
  171  14:27  Missile Turret  
  171  14:28  Missile Turret  
  171  14:29  SCV  
  171  14:30  SCV, Bunker  
  177  14:33  Widow Mine x2  
  177  14:34  Marauder x2  
  177  14:35  SCV  
  177  14:36  Widow Mine  
  184  14:41  SCV  
  184  14:43  SCV  
  178  14:47  SCV  
  178  14:50  Marine x10  
  161  14:53  SCV  
  161  14:54  Widow Mine  
  161  14:55  Widow Mine, SCV  
  161  14:56  Medivac  
  161  14:59  SCV  
  165  15:08  Widow Mine  
  165  15:10  Marine  
  165  15:14  Planetary Fortress  
  150  15:15  Medivac  
  150  15:16  Widow Mine x2, Marauder x2, Marine x9  
  157  15:22  Refinery  
  157  15:24  SCV x4  
  157  15:26  Medivac  
  163  15:28  Marine  
  163  15:30  Widow Mine, Missile Turret  
  163  15:31  Missile Turret  
  163  15:33  Missile Turret  
  163  15:34  Unknown, Marine x2  
  163  15:35  Marauder  
  170  15:36  SCV x2  
  170  15:40  Marauder, Command Center  
  174  15:46  Marauder x2, Marine  
  177  15:51  Medivac  
  177  15:53  Marine  
  177  15:56  Marauder  
  180  16:02  Marauder  
  165  16:08  Marauder x2, Marine  
  160  16:12  Marine  
  160  16:17  Marauder, Missile Turret x2  
  160  16:19  Widow Mine, Sensor Tower  
  160  16:22  Widow Mine, Command Center  
  160  16:23  Marauder, Marine  
  160  16:25  Marine x6  
  170  16:28  Missile Turret  
  170  16:29  Marauder x2  
  170  16:32  Widow Mine  
  179  16:44  Marine  
  179  16:46  Marine  
  180  16:49  Widow Mine  
  180  16:50  Missile Turret  
  180  16:53  Missile Turret  
  177  16:55  Missile Turret  
  177  16:58  Marine  
  176  17:01  Medivac  
  176  17:04  Widow Mine  
  176  17:07  Marauder x4, Command Center  
  188  17:12  Marine  
  189  17:17  Missile Turret  
  189  17:19  Widow Mine x2  
  189  17:21  Ghost Academy  
  180  17:25  Marine x7  
  180  17:26  Widow Mine  
  180  17:28  Marauder x4  
  180  17:29  Marine  
  166  17:44  Planetary Fortress  
  164  17:45  SCV x4  
  165  17:54  Ghost x4  
  165  17:55  Marine x8  
  165  17:57  SCV x2  
  168  18:01  SCV  
  168  18:02  Medivac  
  173  18:05  Widow Mine  
  173  18:13  SCV, Marine x8  
  173  18:14  Thor  
  173  18:15  SCV  
  173  18:17  Refinery  
  189  18:22  Widow Mine  
  189  18:23  Marine x3  
  189  18:26  Ghost  
  196  18:34  Marine  
  196  18:35  Refinery, Sensor Tower, Marine x3, Command Center  
  200  18:46  Concussive Shells  
  200  18:59  Missile Turret  
  200  19:01  Missile Turret  
  175  19:10  Marine x11  
  175  19:15  Widow Mine, Marine  
  159  19:28  Marine x11  
  161  19:33  Marine  
Tags
 
Add a new tag
Caveats
  • Supply blocks, unpowered buildings, or Contaminate may cause inaccurate times.
  • Supply counts are checked every 10 seconds.